Map: Cyber Forest LE

Players

OrangCaramel - Winner!

  • Race: Protoss Protoss
  • League: Master
  • Spawn Location: 5:00

Taeho

  • Race: Protoss Protoss
  • League: Diamond
  • Spawn Location: 11:00

VOD

Have the link to the VOD?

Description

Time

  • Played on: March 30, 2019, 2:53 p.m.
  • Length: 10:53
Show
View Real Time Build Order
Export as new Build Order

OrangCaramel Protoss - Winner!

Build Orders:  

Get SALT Encoding   

  12  0:01  Probe  
  13  0:13  Probe  
  14  0:17  Pylon  
  14  0:25  Probe  
  15  0:33  Probe  
  15  0:38  Gateway  
  15  0:42  Probe  
  16  0:43  Assimilator  
  17  0:53  Probe  
  17  0:55  Assimilator  
  18  1:05  Probe  
  19  1:17  Probe  
  19  1:18  Gateway  
  20  1:27  Cybernetics Core  
  20  1:29  Probe  
  21  1:34  Pylon  
  21  1:41  Probe  
  22  1:53  Probe  
  23  1:54  Warp Gate  
  23  2:04  Stalker  
  23  2:05  Probe  
  23  2:08  Stalker  
  28  2:12  Pylon  
  28  2:17  Probe  
  29  2:29  Probe  
  30  2:34  Stalker  
  32  2:38  Stalker  
  32  2:42  Probe  
  35  2:52  Pylon  
  35  2:54  Probe  
  36  2:59  Stalker  
  36  3:00  Stalker  
  35  3:06  Probe  
  40  3:18  Probe, Pylon  
  41  3:30  Probe  
  42  3:38  Nexus  
  42  3:45  Stalker  
  44  3:50  Stalker  
  47  3:55  Probe  
  47  4:11  Stalker  
  49  4:21  Robotics Facility  
  49  4:25  Stalker  
  41  4:50  Probe, Stalker x2  
  41  4:51  Probe  
  45  5:17  Probe x2  
  45  5:18  Warp Prism  
  45  5:21  Twilight Council  
  45  5:27  Probe x2  
  47  5:29  Assimilator  
  47  5:30  Pylon  
  47  5:32  Assimilator  
  47  5:35  Probe x2  
  47  5:42  Immortal  
  49  5:43  Probe x2  
  49  5:44  Pylon  
  51  5:55  Probe x2  
  57  5:58  Charge  
  57  6:02  Shield Battery  
  57  6:07  Probe  
  57  6:08  Probe  
  57  6:10  Gateway  
  59  6:12  Gateway  
  59  6:14  Gateway  
  59  6:18  Immortal  
  59  6:19  Gateway  
  59  6:20  Probe  
  59  6:22  Pylon  
  64  6:42  Forge  
  64  6:43  Pylon  
  64  6:46  Templar Archives  
  64  6:50  Zealot  
  64  6:51  Zealot  
  68  7:05  Observer  
  69  7:14  Protoss Ground Weapons Level 1  
  69  7:15  Zealot x2  
  69  7:16  Zealot x2  
  69  7:17  Zealot x2  
  69  7:22  Probe x2, Pylon  
  80  7:37  Zealot x3  
  80  7:44  Probe x2  
  88  8:06  Probe x2  
  88  8:12  High Templar x5  
  98  8:13  High Templar  
  98  8:14  Nexus  
  98  8:17  Pylon  
  103  8:20  Probe  
  103  8:21  Shield Battery  
  103  8:25  Archon x2  
  103  8:28  Gateway  
  103  8:32  Gateway  
  103  8:53  High Templar x4, Archon  
  103  8:54  Zealot x2  
  115  8:56  Probe x2  
  115  9:00  Assimilator  
  117  9:03  Assimilator  
  117  9:06  Shield Battery  
  117  9:07  Archon  
  117  9:09  Archon  
  117  9:10  Probe  
  118  9:26  Probe x2, Observer  
  121  9:34  Probe  
  121  9:35  High Templar x2  
  121  9:36  Zealot x3  
  121  9:38  Probe  
  127  10:11  Probe x2  
  127  10:13  Stargate  
  129  10:16  Stargate, High Templar  
  129  10:17  High Templar  
  129  10:21  Pylon  
  129  10:24  Probe  
  129  10:26  Pylon  
  129  10:27  Archon  
  130  10:28  Pylon  
  130  10:31  Photon Cannon  
  130  10:35  Photon Cannon  
  130  10:38  Zealot, Photon Cannon  
  132  10:49  Archon  
Show
View Real Time Build Order
Export as new Build Order

Taeho Protoss 

Build Orders:  

Get SALT Encoding   

  12  0:00  Probe  
  13  0:13  Probe  
  14  0:18  Pylon  
  14  0:25  Probe  
  15  0:37  Probe  
  15  0:39  Gateway  
  16  0:45  Probe  
  16  0:47  Assimilator  
  17  0:53  Probe  
  18  1:05  Probe  
  18  1:06  Assimilator  
  19  1:17  Probe  
  20  1:21  Gateway  
  20  1:28  Probe  
  20  1:31  Cybernetics Core  
  21  1:39  Probe, Pylon  
  22  1:47  Probe  
  23  1:59  Probe  
  23  2:00  Warp Gate  
  24  2:08  Stalker, Sentry  
  28  2:14  Probe  
  29  2:26  Pylon  
  29  2:27  Probe  
  30  2:42  Probe  
  30  2:45  Stalker  
  30  2:48  Robotics Facility  
  32  2:58  Probe  
  33  3:08  Pylon  
  33  3:09  Stalker  
  33  3:10  Probe  
  36  3:22  Probe  
  37  3:34  Observer  
  37  3:35  Nexus  
  38  3:44  Immortal  
  41  3:56  Stalker  
  41  4:00  Shield Battery  
  41  4:07  Stalker  
  35  4:29  Stalker  
  37  4:35  Immortal  
  36  4:39  Stalker  
  33  4:55  Stalker  
  29  5:08  Probe  
  29  5:09  Probe  
  29  5:13  Stalker  
  31  5:16  Probe  
  31  5:25  Probe  
  31  5:29  Probe  
  31  5:34  Warp Prism  
  35  5:42  Probe  
  35  5:43  Probe  
  37  5:50  Probe  
  37  5:55  Probe  
  39  5:58  Observer, Sentry  
  39  6:00  Stalker  
  39  6:01  Probe  
  44  6:11  Pylon  
  44  6:20  Probe  
  44  6:21  Probe  
  46  6:26  Stalker x2  
  46  6:31  Observer  
  51  6:35  Probe  
  51  6:38  Probe  
  53  6:50  Probe  
  53  6:51  Adept x2  
  53  6:53  Probe  
  59  6:55  Assimilator  
  59  7:09  Pylon  
  59  7:12  Observer  
  59  7:13  Probe x2  
  62  7:34  Probe x2  
  62  7:35  Adept x2  
  63  7:57  Stalker  
  63  8:15  Pylon  
  63  8:21  Pylon  
  63  8:22  Pylon  
  63  8:33  Probe x2  
  65  8:37  Immortal  
  62  8:45  Probe x2  
  64  8:58  Probe  
  64  9:00  Probe  
  66  9:10  Probe  
  66  9:12  Probe  
  66  9:14  Twilight Council  
  68  9:19  Immortal  
  68  9:20  Gateway  
  68  9:21  Gateway  
  68  9:22  Probe  
  68  9:24  Gateway  
  73  9:25  Probe  
  73  9:27  Pylon  
  74  9:37  Stalker x2  
  59  10:05  Stalker x2  
  38  10:15  Probe  
  37  10:27  Probe  
  38  10:31  Zealot x5  
  44  10:39  Probe  
Tags
 
Add a new tag
Caveats
  • Supply blocks, unpowered buildings, or Contaminate may cause inaccurate times.
  • Supply counts are checked every 10 seconds.